 Dungeon Crawl Stone Soup version 0.20.1-1-g8b1a95d (webtiles) character file.

310 gobwax the Gouger (level 6, -13/28 HPs)
             Began as a Felid Monk on Aug 14, 2017.
             Killed from afar by a gnoll (41 damage)
             ... with an exploding inner flame
             ... hexed by the player character
             ... on level 7 of the Dungeon.
             The game lasted 00:06:14 (3267 turns).

gobwax the Gouger (Felid Monk)                      Turns: 3267, Time: 00:06:15

Health: -13/28     AC:  2    Str:  8    XL:     6   Next: 17%
Magic:  7/7        EV: 19    Int: 11    God:
Gold:   108        SH:  0    Dex: 18    Spells: 5/5 levels left
                                        Lives:  0   Deaths: 2

rFire    . . .     SeeInvis +     - Unarmed
rCold    . . .     Gourm    .   (shield unavailable)
rNeg     . . .     Faith    .   (armour unavailable)
rPois    .         Spirit   .   (helmet unavailable)
rElec    .         Reflect  .   (cloak unavailable)
rCorr    .         Harm     .   (gloves unavailable)
MR       .....                  (boots unavailable)
Stlth    +++.......             (no amulet)
Regen    0.1/turn               g - -2 ring of dexterity
MPRegen  0.1/turn               h - ring of flight

@: quick
A: no armour, no weapons or thrown items, stealth, claws 1, fangs 3, see
invisible, carnivore 3, speed 1, shaggy fur 2, slow metabolism 1, sharp paws
a: Evoke Flight


You were on level 7 of the Dungeon.
You were not hungry.

You visited 1 branch of the dungeon, and saw 5 of its levels.

You collected 164 gold pieces.
You spent 56 gold pieces at shops.

Inventory:

Jewellery
 g - a -2 ring of dexterity (left paw)
 h - a ring of flight (right paw)
Scrolls
 b - a scroll of amnesia
 c - 4 scrolls of identify
 d - a scroll of remove curse
 l - a scroll of magic mapping
Potions
 f - 3 potions of curing {unknown}
 j - a potion of agility {unknown}
 k - a potion of heal wounds {unknown}
 m - a potion of invisibility {unknown}
 n - a potion of flight {unknown}
 r - a potion of might
Comestibles
 a - a meat ration
 p - 3 chunks of flesh
 q - a royal jelly


   Skills:
 - Level 3.0 Fighting
 - Level 4.0 Dodging
 - Level 2.6 Stealth
 * Level 8.5 Unarmed Combat


You had 5 spell levels left.
You didn't know any spells.

Dungeon Overview and Level Annotations

Branches:
Dungeon (4/15)
 Temple: D:4-7

Altars:
Ru
Yredelemnul

Shops:
D:4 *


Innate Abilities, Weirdness & Mutations

You cannot wear armour.
You are incapable of wielding weapons or throwing items.
Your paws allow you to move quietly. (Stealth)
You have sharp claws.
You have razor-sharp teeth.
You have supernaturally acute eyesight. (SInv)
You are carnivorous and can eat meat at any time.
You cover ground quickly.
You are covered in thick fur. (AC +2)
You have a slow metabolism.
Your sharp claws are effective at attacking unaware monsters.


Message History

The gnoll closely misses you. The gnoll shaman hits you with a whip.
The gnoll hits you from afar with a spear. x2
The gnoll shaman closely misses you. The gnoll barely misses you.
The gnoll closely misses you. The gnoll shaman hits you with a whip!
* * * LOW HITPOINT WARNING * * *
The gnoll barely misses you.
Okay, then.
The gnoll hits you with a spear!
You die...
You are now level 6!
You rejoin the land of the living...
A centaur comes into view.
The centaur moves out of view.
The gnoll barely misses you.
You claw the gnoll!
The gnoll explodes!
The tree burns like a torch!
The fiery explosion engulfs you!
Ouch! That really hurt!
You die...

###########
≈≈≈≈≈≈≈≈≈≈
≈≈≈≈≈≈≈≈≈≈
≈....≈≈≈..##
..........#
.P.......P##
.......§§§# ....
####.....§§§♣ ≈...
#..#.....§§@♣
≈...g#..#..)....♣♣
≈.P..##'#......♣.♣
≈.P.[.P.......%.♣#
≈........g...#P.#
..........g..##..#
.≈.##'#......# #P#
≈≈.# #..##++# O#
≈..# #g.# .#


You could see 2 gnolls.

Vanquished Creatures
  Sigmund (D:3)
  An orc warrior (D:7)
  A necrophage (D:3)
  An ogre (D:4)
  A crimson imp (D:3)
  A gnoll shaman (D:7)
  An orc wizard (D:7)
  Jessica (D:2)
  A gnoll (D:7)
  4 adders (D:2)
  3 worms
  2 dart slugs
  3 leopard geckos
  3 orcs
  A giant cockroach (D:3)
  5 goblins
  7 hobgoblins
  2 jackals (D:1)
  2 quokkas
  A ball python zombie (D:3)
  3 bats
  4 frilled lizards
  7 kobolds
  7 rats
63 creatures vanquished.

Notes
Turn   | Place    | Note
-------+----------+-------------------------------------------
     0 | D:1      | gobwax the Felid Monk began the quest for the Orb.
     0 | D:1      | Reached XP level 1. HP: 10/10 MP: 2/2
   203 | D:1      | Reached XP level 2. HP: 14/14 MP: 3/3
   506 | D:1      | Reached skill level 4 in Unarmed Combat
   695 | D:2      | Reached XP level 3. HP: 7/17 MP: 4/4
  1414 | D:2      | Noticed Jessica
  1427 | D:2      | Reached skill level 5 in Unarmed Combat
  1427 | D:2      | Reached XP level 4. HP: 2/21 MP: 5/5
  1427 | D:2      | HP: 1/21 [poisoned by an adder]
  1428 | D:2      | Succumbed to an adder's poison
  1429 | D:2      | Reached XP level 3. HP: 0/25 MP: 4/4
  1566 | D:2      | Found a basalt altar of Yredelemnul.
  1567 | D:2      | Found a sacrificial altar of Ru.
  1686 | D:2      | Killed Jessica
  1687 | D:2      | Reached XP level 4. HP: 14/21 MP: 5/5
  1870 | D:3      | Noticed a necrophage
  1871 | D:3      | Killed a necrophage
  1871 | D:3      | Reached skill level 6 in Unarmed Combat
  1871 | D:3      | Reached XP level 5. HP: 24/24 MP: 6/6
  2437 | D:3      | Noticed Sigmund
  2442 | D:3      | Killed Sigmund
  2442 | D:3      | Reached skill level 7 in Unarmed Combat
  2442 | D:3      | Gained mutation: You are covered in thick fur. (AC +2) [Felid growth]
  2442 | D:3      | Reached XP level 6. HP: 28/28 MP: 7/7
  2945 | D:4      | Found Poqilli's General Store.
  2953 | D:4      | Bought a potion of might for 56 gold pieces
  2968 | D:4      | You fall through a shaft for 3 floors!
  2968 | D:7      | Noticed an orc warrior
  2969 | D:7      | Reached skill level 8 in Unarmed Combat
  2991 | D:7      | Killed an orc warrior
  2991 | D:7      | Reached XP level 7. HP: 10/31 MP: 8/8
  3256 | D:7      | Mangled by a gnoll
  3257 | D:7      | Reached XP level 6. HP: -6/28 MP: 7/7
  3267 | D:7      | Killed from afar by a gnoll

Skill      XL: |  1  2  3  4  5  6 |
---------------+-------------------+-----
Unarmed Combat | 4 5 6 7 8 |  8.5
Fighting       | |  3.0
Dodging        | |  4.0
Stealth        | |  2.6

Action                   |  1- 3 |  4- 6 |  7- 9 || total
-------------------------+-------+-------+-------++-------
Melee: Unarmed           |    97 |    62 |     8 ||   167
       Bite              |     5 |     6 |     1 ||    12
       Punch             |     1 |     1 |       ||     2
  Use: Potion            |     1 |     1 |       ||     2
       Scroll            |       |       |     6 ||     6
 Stab: Sleeping          |    11 |     8 |     1 ||    20
       Distracted        |     1 |       |       ||     1
  Eat: Chunk             |     8 |     5 |     1 ||    14
Armor: Skin              |     8 |     2 |     1 ||    11
Dodge: Dodged            |    62 |    33 |    26 ||   121
